 Dungeon Crawl Stone Soup version 0.23.1-37-gaa34b87b72 (webtiles) character file.

Game seed: 5892147612318182975

102 Revguard the Charmwright (level 4, 0/37 HPs)
             Began as a Draconian Skald on Mar 26, 2019.
             Slain by Natasha (3 damage)
             ... on level 2 of the Dungeon.
             The game lasted 00:06:22 (1138 turns).

Revguard the Charmwright (Draconian Skald)          Turns: 1138, Time: 00:06:23

Health: 0/37       AC:  6    Str: 13    XL:     4   Next: 49%
Magic:  0/7        EV: 12    Int: 14    God:
Gold:   101        SH:  0    Dex: 11    Spells: 1/7 levels left

rFire    . . .     SeeInvis +   a - +0 hand axe
rCold    . . .     Gourm    .   (no shield)
rNeg     . . .     Faith    .   (armour unavailable)
rPois    .         Spirit   .   (helmet restricted)
rElec    .         Reflect  .   b - +0 cloak
rCorr    .         Harm     .   (no gloves)
MR       .....                  (no boots)
Stlth    +.........             (no amulet)
HPRegen  1.12/turn              e - ring of see invisible
MPRegen  0.10/turn              (no ring)

@: infused, singing, regenerating (expiring)
A: unfitting armour, cold-blooded, AC +5
a: no special abilities


You were on level 2 of the Dungeon.
You were hungry.

You visited 1 branch of the dungeon, and saw 2 of its levels.

You collected 101 gold pieces.

Inventory:

Hand Weapons
 a - a +0 hand axe (weapon)
Armour
 b - a +0 cloak (worn)
Jewellery
 e - a ring of see invisible (left hand)
Scrolls
 d - 3 scrolls of identify {unknown}
 g - a scroll of remove curse {unknown}
Comestibles
 c - 4 rations
 f - 3 chunks of flesh


   Skills:
 + Level 2.7 Fighting
 + Level 3.1 Axes
 + Level 2.6 Dodging
 + Level 2.3 Spellcasting
 + Level 3.2 Charms
 * Level 0.7 Necromancy


You had one spell level left.
You knew the following spells:

 Your Spells              Type           Power        Failure   Level  Hunger
a - Infusion              Chrm           ##..         6%          1    #......
b - Song of Slaying       Chrm           ##......     10%         2    ###....
c - Regeneration          Chrm/Necr      #.........   30%         3    ###....

Your spell library contained the following spells:

 Spells                   Type           Power        Failure   Level  Hunger
 Shroud of Golubria       Chrm/Tloc      #.........   19%         2    ###....
 Spectral Weapon          Hex/Chrm       #.......     34%         3    ###....


Dungeon Overview and Level Annotations

Branches:
Dungeon (2/15)

Altars:

Annotations:
D:2 Natasha


Innate Abilities, Weirdness & Mutations

Your plain brown scales are hard. (AC +5)
You cannot fit into any form of body armour.
You are cold-blooded and may be slowed by cold attacks.


Message History

The hobgoblin hits you with a +0 club.
* * * LOW HITPOINT WARNING * * *
The iron imp misses you. Natasha claws you but does no damage.
Casting: Infusion (safe; 6% risk of failure)
Confirm with . or Enter, or press ? or * to list all spells.
Your skin crawls.
You are feeling hungry.
Your skin is crawling a little less now.
The hobgoblin hits you but does no damage.
The iron imp misses you. Natasha casts a spell at you. The magic dart hits you!
* * * LOW HITPOINT WARNING * * *
You barely miss Natasha.
Natasha is moderately wounded.
You hit the hobgoblin.
You kill the hobgoblin!
You completely miss the iron imp. The bat hits you but does no damage.
The bat barely misses you. Natasha claws you.
You die...

.......# #......#
.......# ..#....#
.#.....#########
#...#..........##
#..#..####...#..#
###...##
#(####.##
...#...###.# #5@#
..†.#......#
##hb......
...)....####
#........
....#......#
#......?.
...#..####.#
..)...... ###...#
< .........
#..#..# #........
#...#.######
#.#######
.#..÷........


You could see an iron imp, Natasha and a bat.

Vanquished Creatures
  Natasha (twice) (D:2)
  A worm (D:2)
  2 dart slugs (D:1)
  2 leopard geckos
  4 giant cockroaches (D:1)
  8 goblins
  5 hobgoblins
  2 jackals (D:2)
  6 bats (D:1)
  3 frilled lizards
  4 kobolds
  A rat (D:2)
40 creatures vanquished.

Notes
Turn   | Place    | Note
-------+----------+-------------------------------------------
     0 | D:1      | Revguard the Draconian Skald began the quest for the Orb.
     0 | D:1      | Reached XP level 1. HP: 17/17 MP: 3/3
   103 | D:1      | Reached XP level 2. HP: 24/24 MP: 5/5
   155 | D:1      | Learned a level 2 spell: Song of Slaying
   472 | D:1      | Reached XP level 3. HP: 30/30 MP: 6/6
   701 | D:2      | Noticed Natasha
   722 | D:2      | Killed Natasha
   746 | D:2      | Reached XP level 4. HP: 6/37 MP: 0/7
   772 | D:1      | Learned a level 3 spell: Regeneration
  1087 | D:2      | Noticed Natasha
  1101 | D:2      | Killed Natasha
  1126 | D:2      | Noticed Natasha
  1138 | D:2      | Slain by Natasha

Skill      XL: |  1  2  3  4 |
---------------+-------------+-----
Charms         | 3 |  3.2
Axes           | 3 |  3.1
Fighting       | |  2.7
Dodging        | |  2.6
Spellcasting   | |  2.3
Necromancy     | |  0.7

Action                   |  1- 3 |  4- 6 || total
-------------------------+-------+-------++-------
Melee: Hand axe          |   112 |    21 ||   133
       Tailslap          |    12 |     1 ||    13
 Cast: Infusion          |     3 |     3 ||     6
       Song of Slaying   |     1 |     1 ||     2
       Regeneration      |       |     2 ||     2
  Use: Potion            |     3 |     1 ||     4
  Eat: Chunk             |       |     1 ||     1
Armor: Skin              |    51 |    11 ||    62
Dodge: Dodged            |    85 |    23 ||   108
